 Dungeon Crawl Stone Soup version 0.30.0 (webtiles) character file.

Game seed: 8327738529090537332

3 edsrzf the Chopper (level 1, -17/19 HPs)
             Began as a Meteoran Chaos Knight on May 20, 2023.
             Was a Plaything of Xom.
             Demolished by a guardian serpent (glowing shapeshifter) (21 damage)
             ... on level 1 of the Dungeon.
             The game lasted 00:01:23 (198 turns).

edsrzf the Chopper (Meteoran Chaos Knight)           Turns: 198, Time: 00:01:23

Health: -17/19     AC:  6    Str: 13    XL:     1   Next: 71%
Magic:  2/2        EV: 11    Int: 13    God:    Xom [......]
Gold:   26         SH:  0    Dex: 13    Spells: 0/0 levels left

rFire   . . .        a - +0 hand axe (chaos)
rCold   . . .        (no shield)
rNeg    . . .        b - +2 leather armour
rPois   .            (no helmet)
rElec   .            (no cloak)
rCorr   .            (no gloves)
SInv    .            e - +0 pair of boots
Will    .....        (no amulet)
Stlth   +            (no ring)
HPRegen 0.23/turn    (no ring)
MPRegen 0.08/turn

%: no passive effects
@: glowing
A: sense surroundings 1, otherworldly, glowing, explore regen
a: Renounce Religion


You were on level 1 of the Dungeon.
You worshipped Xom.
You were a very special plaything of Xom.
You visited 1 branch of the dungeon, and saw 1 of its levels.

You collected 26 gold pieces.

Inventory:

Hand Weapons
 a - a +0 hand axe of chaos (weapon)
Armour
 b - a +2 leather armour (worn)
 e - a +0 pair of boots (worn)
Scrolls
 d - a scroll of enchant weapon {unknown}
 g - a scroll of teleportation {unknown}
 h - a scroll of summoning {unknown}
Potions
 f - a potion of flight {unknown}
Miscellaneous
 c - a piece from Xom's chessboard (13/15) (quivered)


   Skills:
 - Level 3.2 Fighting
 + Level 3.9 Axes
 - Level 2.4 Armour
 - Level 1.2 Dodging


You couldn't memorise any spells.
You didn't know any spells.
Your spell library was empty.

Dungeon Overview and Level Annotations

Branches:
Dungeon (1/15) Zot: 399

Altars:


Innate Abilities, Weirdness & Mutations

You passively map a small area around you.
You are easily found by Zot.
You glow in the dark.
You regain HP and MP as you explore.


Message History

Welcome, edsrzf the Meteoran Chaos Knight.
Are you destined to find the legendary Orb of Zot, or to die trying?
Xom says: A new plaything!
Press ? for a list of commands and other information.
Found 15 gold pieces.
Found a staircase leading out of the dungeon.
You now have 15 gold pieces.
You open the door.
There is an open door here.
You open the door.
Found a mace.
There is an open door here.
Found 11 gold pieces and a scale mail.
Found a scroll labelled XIFAOGR CEEHAHE.
Found 9 stones.
You now have 26 gold pieces (gained 11).
A rat comes into view.
The rat closely misses you.
You hit the rat.
You kill the rat!
Found a pair of boots.
d - a scroll labelled XIFAOGR CEEHAHE
Found a sedimented puce potion.
You see here a +0 pair of boots.
e - a +0 pair of boots "See what I see, my child!"
You feel aware of your surroundings.
f - a sedimented puce potion;
g - a scroll labelled IRYQEWO ROCRICS You start putting on your armour.
You continue putting on your +0 pair of boots. x4
You finish putting on your +0 pair of boots.
Found a stone staircase leading down.
Okay, then.
A bat comes into view.
You barely miss the bat. The bat hits you but does no damage.
The bat barely misses you.
You miss the bat. The bat barely misses you. Xom grants you insight.
You detect nothing.
You are now a very special plaything of Xom.
The bat hits you but does no damage. The bat hits you but does no damage.
You hit the bat. You freeze the bat.
You kill the bat!
A rat comes into view.
The rat moves out of view.
You open the door.
There is an open door here.
You hit the rat. You freeze the rat.
You kill the rat!
A quokka comes into view.
The quokka barely misses you.
You closely miss the quokka.
The quokka bites you but does no damage.
You hit the quokka.
The quokka is almost dead.
The quokka barely misses you. The quokka closely misses you.
You slash the quokka! You freeze the quokka.
You kill the quokka!
Found a scroll labelled JUSHRI POISIMYU.
h - a scroll labelled JUSHRI POISIMYU A bat comes into view.
Found a stone staircase leading down.
The bat completely misses you.
You closely miss the bat. The bat barely misses you.
The bat closely misses you. "This might be better!"
The bat evaporates and reforms as a gnoll!
Press: ? - help, v - describe, . - travel
Here: a gnoll The floor.
You hit the gnoll but do no damage. The gnoll hits you.
You hit the gnoll. You burn the gnoll.
The gnoll is moderately wounded.
The gnoll hits you.
You barely miss the gnoll.
The gnoll is moderately wounded.
The gnoll hits you.
You slash the gnoll!
The gnoll changes into a glowing shapeshifter!
Xom roars with laughter!
The glowing shapeshifter is moderately wounded.
The glowing shapeshifter changes into a sea snake!
Okay, then.
You make a move on Xom's chessboard...
The sea snake easily resists.
The sea snake bites you!
* * * LOW HITPOINT WARNING * * *
Unknown command.
You make a move on Xom's chessboard...
The sea snake appears confused.
The sea snake changes into a floating eye!
A guardian serpent comes into view.
You hit the guardian serpent but do no damage.
The guardian serpent hits you!!
Ouch! That really hurt!
You die...
Xom guffaws!

#..........#
###.#..#######
#............., ,*
#.#.#.#.######## *
####.#.#..........#,*
..##,#.#....#####.#,
..# #......#.....# *
..# ,###.##.#.###S#,
..# ,#..........@.#
..##.######.#.###.#
...... ..>......#
..#### ##...######
......, ....., ######
##...## *, * ,, #...#
* , ,, ##.##* * *, ,
, ,


You could see a guardian serpent.

Vanquished Creatures
  A quokka (D:1)
  A bat (D:1)
  2 rats (D:1)
4 creatures vanquished.

Notes
Turn   | Place    | Note
-------+----------+-------------------------------------------
     0 | D:1      | edsrzf the Meteoran Chaos Knight began the quest for the
                  | Orb.
     0 | D:1      | Reached XP level 1. HP: 19/19 MP: 2/2
    48 | D:1      | XOM: divination: magic mapping
    71 | D:1      | XOM: divination: detect items
   185 | D:1      | XOM: polymorph bat -> gnoll
   193 | D:1      | a gnoll changed into a glowing shapeshifter
   193 | D:1      | Noticed a glowing shapeshifter (glowing shapeshifter)
   193 | D:1      | a glowing shapeshifter changed into a sea snake
   193 | D:1      | Noticed a sea snake (glowing shapeshifter)
   195 | D:1      | a sea snake changed into a floating eye
   195 | D:1      | Noticed a floating eye (glowing shapeshifter)
   197 | D:1      | Noticed a guardian serpent
   198 | D:1      | Demolished by a guardian serpent (glowing shapeshifter)

Illustrated notes

Levels and vault maps discovered:
D:1:      heliophobic_arrival_ceremonial_halls, layout_basic

Action                     || total
---------------------------++-------
  Melee: Hand axe          ||    14
  Evoke: Piece from Xom's  ||     2
 Armour: Leather armour    ||     4
  Dodge: Dodged            ||     9
